 Dungeon Crawl Stone Soup version 0.30.1-11-g7821555f0a (webtiles) character file.

Game seed: 7343049688467112891

1242 Goboxel the Slasher (level 8, -2/62 HPs)
             Began as a Demonspawn Gladiator on Dec 1, 2023.
             Was a Follower of Yredelemnul.
             Slain by an orc warrior
             ... wielding a +0 trident
              (4 damage)
             ... on level 5 of the Dungeon.
             The game lasted 00:20:10 (6373 turns).

Goboxel the Slasher (Demonspawn Gladiator)          Turns: 6373, Time: 00:20:10

Health: -2/62      AC: 11    Str: 15    XL:     8   Next: 25%
Magic:  9/9        EV: 14    Int:  9    God:    Yredelemnul [*.....]
Gold:   509        SH:  0    Dex: 17    Spells: 7/7 levels left

rFire   . . .        A - +2 dagger (venom)
rCold   . . .        (no shield)
rNeg    . . .        h - +0 leather armour
rPois   .            H - +2 hat
rElec   .            o - +1 cloak
rCorr   .            (no gloves)
SInv    +            E - +1 pair of boots
Will    +....        (no amulet)
Stlth   ++           p - ring of willpower
HPRegen 0.30/turn    z - ring of see invisible
MPRegen 0.11/turn

%: no passive effects
@: flying
A: yellow scales 1, demonic magic 1, weakness stinger 2
a: Renounce Religion, Recall Undead Harvest


You were on level 5 of the Dungeon.
You worshipped Yredelemnul.
Yredelemnul was noncommittal.
You visited 2 branches of the dungeon, and saw 7 of its levels.

You collected 509 gold pieces.

Inventory:

Hand Weapons
 a - a +0 long sword
 b - a +2 sling of freezing
 A - a +2 dagger of venom (weapon)
Missiles
 d - 3 throwing nets
 e - a javelin (quivered)
Armour
 h - a +0 leather armour (worn)
 o - a +1 cloak (worn)
 E - a +1 pair of boots (worn)
 H - a +2 hat (worn)
Jewellery
 l - a ring of ice
 p - a ring of willpower (left hand)
 z - a ring of see invisible (right hand)
 D - a ring of magical power
Wands
 r - a wand of light (14)
 x - a wand of flame (20)
Scrolls
 c - a scroll of magic mapping {unknown}
 f - 3 scrolls of teleportation {unknown}
 i - 2 scrolls of fog {unknown}
 k - 3 scrolls of immolation
 q - 5 scrolls of fear
 u - a scroll of noise {unknown}
 v - 2 scrolls of enchant weapon {unknown}
 y - a scroll of identify
 C - a scroll of brand weapon {unknown}
Potions
 g - a potion of heal wounds
 m - a potion of mutation {unknown}
 n - a potion of ambrosia {unknown}
 s - 2 potions of curing
 t - a potion of berserk rage {unknown}
 w - 2 potions of might {unknown}
 B - 2 potions of attraction
 F - a potion of cancellation {unknown}
 G - a potion of haste {unknown}


   Skills:
 + Level 5.1 Fighting
 + Level 3.0(4.5) Short Blades
 + Level 5.2(5.7) Long Blades
 + Level 1.9 Ranged Weapons
 + Level 2.1 Throwing
 - Level 0.2 Armour
 + Level 4.8 Dodging
 - Level 2.0 Stealth
 + Level 2.2 Invocations
 + Level 0.5 Evocations


You had 7 spell levels left.
You didn't know any spells.
Your spell library contained the following spells:

 Spells                   Type           Power      Damage    Failure   Level
 Magic Dart               Conj           0%         1d3       45%         1
 Searing Ray              Conj           0%         2d4       58%         2
 Inner Flame              Hex/Fire       0%         N/A       83%         3
 Vhi's Electric Charge    Tloc/Air       0%         N/A       83%         3
 Flame Wave               Conj/Fire      0%         2d4       99%         4
 Fulminant Prism          Conj/Hex       0%         3d5       99%         4
 Sticky Flame             Conj/Fire      0%         2d3       99%         4
 Arcjolt                  Conj/Air       0%         1d10      100%        5
 Maxwell's Capacitive Co  Air            0%         ∞         100%        8


Dungeon Overview and Level Annotations

Branches:
Dungeon (6/15)             Temple (1/1) D:6

Altars:
Ashenzari
Cheibriados
Dithmenos
Fedhas
Gozag
Hepliaklqana
Kikubaaqudgha
Nemelex Xobeh
Okawaru
Qazlal
Trog
Uskayaw
Vehumet
Wu Jian
Xom
Yredelemnul
Lugonu


Innate Abilities, Weirdness & Mutations

You are partially covered in yellow scales. (AC +2)
Spells you cast may paralyse adjacent enemies.
You have a tail ending in a sharp stinger.


Message History

Your scorpion zombie hits the orc warrior but does no damage.
The orc misses you.
The orc warrior hits your scorpion zombie with a +0 trident!
Your scorpion zombie is destroyed!
The orc priest invokes the aid of Beogh against you.
Beogh smites you! The orc attacks as you move away!
The orc hits you but does no damage.
Your orc zombie closely misses the orc priest.
Your orc wizard zombie misses the orc warrior.
Your orc priest zombie misses the orc warrior.
The orc priest calls down the wrath of Beogh upon you.
Beogh smites you!
* * * LOW HITPOINT WARNING * * *
You feel very buoyant.
You fly up into the air.
You kill the orc priest!
Your orc priest zombie hits the orc warrior but does no damage.
The orc misses you.
You hit the orc.
You kill the orc!
Unknown command.
The orc warrior closely misses you.
Your orc zombie hits the orc warrior.
You barely miss the orc warrior.
Your tail-slap misses the orc warrior.
The orc warrior is moderately wounded.
The orc warrior closely misses you.
Your orc zombie hits the orc warrior but does no damage.
Your orc wizard zombie closely misses the orc warrior.
Your orc priest zombie hits the orc warrior but does no damage.
You hit the orc warrior but do no damage.
You tail-slap the orc warrior, but do no damage.
The orc warrior is moderately wounded.
The orc warrior hits you with a +0 trident.
* * * LOW HITPOINT WARNING * * *
Your orc zombie hits the orc warrior but does no damage.
Unknown command.
Your orc wizard zombie hits the orc warrior but does no damage.
Your orc priest zombie barely misses the orc warrior.
The orc warrior hits you from afar with a +0 trident.
You die...
Your body rises from the dead as a mindless zombie.

####.......##.#.........
##..#......##............
#.......#.........#.#..#.
#...#...#..)......#....#.
##....###.....#.....#....
##.#.##.Z.Z..#..........
#####..)oZ........#....
##..................
#..@.........#......
##[..##.......#......
#....................
###....#>...#.......<
###.....##......##..##
#...........)..#.#...#
####...................#
###.#..............##.....
#..................##.....


You could see an orc warrior (poisoned, ally target), a friendly orc zombie, a
friendly orc priest zombie and a friendly orc wizard zombie.

Vanquished Creatures
  Grinder (D:5)
  An ice beast (D:5)
  2 centaurs (D:6)
  3 scorpions (D:5)
  2 hounds
  2 orc priests (D:5)
  A jelly (D:5)
  6 orc wizards
  Natasha (thrice) (D:3)
  An iguana (D:5)
  2 adders (D:4)
  A shadow imp (D:5)
  A white imp (D:3)
  3 worms
  2 dart slugs
  18 orcs
  6 ball pythons
  3 endoplasms
  5 giant cockroaches
  7 goblins
  10 hobgoblins
  3 quokkas
  7 bats
  2 frilled lizards (D:3)
  A goblin skeleton (D:3)
  A hobgoblin zombie (D:3)
  7 kobolds
  2 kobold zombies (D:3)
  An orc skeleton (D:3)
  An orc zombie (D:3)
  5 rats
110 creatures vanquished.

Vanquished Creatures (collateral kills)
  A bullfrog (D:5)
  An orc (D:6)
2 creatures vanquished.

Vanquished Creatures (others)
  A scorpion zombie (D:5)
  An orc zombie (D:5)
2 creatures vanquished.

Grand Total: 114 creatures vanquished

Notes
Turn   | Place    | Note
-------+----------+-------------------------------------------
     0 | D:1      | Goboxel the Demonspawn Gladiator began the quest for the
                  | Orb.
     0 | D:1      | Reached XP level 1. HP: 16/16 MP: 1/1
   186 | D:1      | Gained mutation: You have a small tail. [demonic ancestry]
   186 | D:1      | Reached XP level 2. HP: 22/22 MP: 2/2
  1150 | D:2      | Gained mutation: You are partially covered in yellow
                  | scales. (AC +2) [demonic ancestry]
  1150 | D:2      | Reached XP level 3. HP: 25/27 MP: 3/3
  1781 | D:3      | Found a stormy altar of Qazlal.
  1839 | D:3      | Found a shimmering altar of Xom.
  1905 | D:3      | Found a snail-covered altar of Cheibriados.
  2011 | D:3      | Noticed Natasha
  2023 | D:3      | Killed Natasha
  2024 | D:3      | Reached skill level 1 in Ranged Weapons
  2024 | D:3      | Gained mutation: Spells you cast may paralyse adjacent
                  | enemies. [demonic ancestry]
  2024 | D:3      | Reached XP level 4. HP: 33/34 MP: 4/4
  2068 | D:3      | Noticed Natasha
  2074 | D:3      | Killed Natasha
  2140 | D:3      | Noticed Natasha
  2164 | D:3      | Killed Natasha
  2166 | D:3      | Reached XP level 5. HP: 39/39 MP: 5/5
  2747 | D:4      | Found a broken altar of Ashenzari.
  3133 | D:4      | Found an opulent altar of Gozag.
  3205 | D:4      | Found a blossoming altar of Fedhas.
  3599 | D:5      | Entered Level 5 of the Dungeon
  3599 | D:5      | Noticed an orc warrior
  3657 | D:5      | Noticed an ice beast
  3721 | D:5      | Noticed Grinder
  3830 | D:5      | Killed an ice beast
  3831 | D:5      | Reached skill level 1 in Stealth
  3831 | D:5      | Reached XP level 6. HP: 21/48 MP: 6/6
  4029 | D:6      | Found a staircase to the Ecumenical Temple.
  4049 | Temple   | Entered the Ecumenical Temple
  4121 | Temple   | Became a worshipper of Yredelemnul the Dark
  4163 | D:6      | Reached XP level 7. HP: 37/54 MP: 7/7
  4313 | D:6      | Identified the +1 chain mail of Elook {Str+3}
  4367 | D:6      | Found an ancient bone altar of Kikubaaqudgha.
  4465 | D:6      | Reached skill level 1 in Short Blades
  4562 | D:6      | Reached * piety under Yredelemnul
  5460 | D:5      | Paralysed by Grinder for 5 turns
  5466 | D:5      | Killed Grinder
  5467 | D:5      | Reached skill level 5 in Long Blades
  6090 | D:5      | Gained mutation: You have a tail ending in a sharp stinger.
                  | [demonic ancestry]
  6090 | D:5      | Reached XP level 8. HP: 58/61 MP: 7/9
  6172 | D:5      | Found an ornate altar of the Wu Jian Council.
  6358 | D:5      | Reached skill level 5 in Fighting
  6372 | D:5      | HP: 2/62 [orc warrior/+0 trident (5)]
  6373 | D:5      | Slain by an orc warrior

Illustrated notes

Levels and vault maps discovered:
D:1:      saegor_arrival_simple_c, layout_basic
D:2:      layout_basic, grunt_decor_resistance
D:3:      layout_loops_cross, old_standard_altar,
          mainiacjoe_overflow_surrounded_room, mainiacjoe_overflow_alcove_2,
          nicolae_tso_besieged_by_evil, kennysheep_decorative_pillar,
          uniq_natasha
D:4:      layout_loops_ring, grunt_gozag_breadcrumbs,
          ashenzari_conservatory_becter, amcnicky_altar_gilded
D:5:      layout_cave_pools, pf_just_have_faith, uniq_grinder
D:6:      layout_gridville, kiku_gazebo_pond_becter,
          nicolae_elyvilon_temple_path, minmay_temple_entry_grid
Temple:   corrupted_temple

Skill      XL: |  1  2  3  4  5  6  7  8 |
---------------+-------------------------+-----
Dodging        | 3 4 |  4.8
Long Blades    | 3 4 5 |  5.2
Ranged Weapons | 1 |  1.9
Throwing       | 2 |  2.1
Fighting       | 3 4 5 |  5.1
Stealth        | 1 2 |  2.0
Short Blades   | 2 3 |  3.0
Invocations    | 2 |  2.2
Armour         | |  0.2
Evocations     | |  0.5

Action                     |  1- 3 |  4- 6 |  7- 9 || total
---------------------------+-------+-------+-------++-------
  Melee: Long sword        |   107 |   100 |    10 ||   217
         Tailslap          |     6 |    23 |    21 ||    50
         Dagger            |       |    45 |    96 ||   141
         Punch             |       |     1 |     1 ||     2
   Fire: Sling             |    15 |     6 |       ||    21
  Throw: Javelin           |     1 |       |       ||     1
 Invoke: Recall Undead Har |       |     1 |     2 ||     3
  Evoke: Wand              |       |     3 |       ||     3
    Use: Scroll            |     6 |     1 |       ||     7
         Potion            |     1 |     1 |     2 ||     4
   Stab: Sleeping          |     5 |     2 |       ||     7
         Invisible         |       |     2 |       ||     2
         Distracted        |       |       |     1 ||     1
 Armour: Leather armour    |    36 |    48 |    47 ||   131
  Dodge: Dodged            |    67 |    99 |    88 ||   254
